 Dungeon Crawl Stone Soup version 0.30-a0-476-g330ca2eb8e (webtiles) character file.

Game seed: 535768181029872932

3662 Darkkill the Skirmisher (level 9, -2/82 HPs)
             Began as a Minotaur Hunter on Dec 21, 2022.
             Was a Follower of Nemelex Xobeh.
             Slain by an elephant (7 damage)
             ... while petrified by a basilisk
             ... on level 8 of the Dungeon.
             The game lasted 00:05:30 (5983 turns).

Darkkill the Skirmisher (Minotaur Hunter)           Turns: 5983, Time: 00:05:30

Health: -2/82      AC:  5    Str: 16    XL:     9   Next: 89%
Magic:  8/8        EV:  2    Int:  6    God:    Nemelex Xobeh [*.....]
Gold:   383        SH:  0    Dex: 18    Spells: 8/8 levels left

rFire   . . .      SeeInvis .    a - +2 shortbow (vorpal)
rCold   . . .      Faith    .    (shield currently unavailable)
rNeg    + + +      Spirit   .    c - +1 leather armour
rPois   ∞          Reflect  .    (helmet restricted)
rElec   .          Harm     .    (no cloak)
rCorr   .          Rampage  .    (no gloves)
Will    .....                    q - +0 pair of boots
Stlth   +++.......               (no amulet)
HPRegen 0.33/turn                (no ring)
MPRegen 0.11/turn                (no ring)

@: petrified
A: horns 2, retaliatory headbutt
a: Renounce Religion, Draw Escape, Draw Destruction, Draw Summoning


You were on level 8 of the Dungeon.
You worshipped Nemelex Xobeh.
Nemelex Xobeh was aware of your devotion.
You visited 2 branches of the dungeon, and saw 9 of its levels.

You collected 383 gold pieces.

Inventory:

Hand Weapons
 a - a +2 vorpal shortbow (weapon)
Missiles
 k - 61 stones
 o - 5 poisoned darts
 u - 3 boomerangs
 y - a curare-tipped dart {=f !f}
Armour
 c - a +1 leather armour (worn)
 p - a scarf of repulsion
 q - a +0 pair of boots (worn)
Jewellery
 z - an amulet of regeneration
Wands
 h - a wand of iceblast (17)
 s - a wand of flame (6)
Scrolls
 b - 2 scrolls of immolation
 e - 5 scrolls of poison
 f - 2 scrolls of torment {unknown}
 t - a scroll of magic mapping
 w - a scroll of identify {@r1}
 x - a scroll of fog
Potions
 d - 2 potions of lignification
 g - 2 potions of attraction
 i - a potion of mutation
 j - a potion of heal wounds
 l - 2 potions of flight
 m - a potion of haste {unknown}
 n - 6 potions of curing {@q1}
 r - a potion of brilliance {unknown}
 v - a potion of berserk rage {unknown}


   Skills:
 + Level 8.9 Fighting
 + Level 9.0 Ranged Weapons
 + Level 8.1 Dodging
 + Level 6.4 Stealth


You had 8 spell levels left.
You didn't know any spells.
Your spell library contained the following spells:

 Spells                   Type           Power      Damage    Failure   Level
 Beastly Appendage        Tmut           0%         N/A       52%         1
 Sting                    Tmut/Pois      0%         1d3       52%         1
 Poisonous Vapours        Pois/Air       0%         N/A       67%         2
 Wereblood                Tmut           0%         N/A       67%         2
 Spider Form              Tmut/Pois      0%         N/A       88%         3
 Olgreb's Toxic Radiance  Pois           0%         N/A       99%         4


Dungeon Overview and Level Annotations

Branches:
Dungeon (8/15)             Temple (1/1) D:6            Lair (0/5) D:8

Altars:
Ashenzari
Dithmenos
Elyvilon
Fedhas
Gozag
Hepliaklqana
Kikubaaqudgha
Makhleb
Nemelex Xobeh
Okawaru
Qazlal
Ru
Sif Muna
Trog
Uskayaw
Vehumet
Wu Jian
Xom
Yredelemnul
Zin
The Shining One

Shops:
D:6 (


Innate Abilities, Weirdness & Mutations

You have a pair of horns on your head.
You reflexively headbutt those who attack you in melee.


Message History

You shoot an arrow. The arrow hits the black bear.
The black bear is almost dead.
The black bear completely misses you. The black bear barely misses you. x2
The wyvern barely misses you. The black bear bites you.
The black bear closely misses you. The black bear claws you.
You shoot an arrow.
The arrow hits the black bear but does no damage.
The black bear is almost dead.
The wyvern misses you. The black bear closely misses you.
You furiously retaliate!
You headbutt the black bear!
You kill the black bear!
The wyvern bites you!
You are too injured to fight recklessly!
You draw a card...
You have drawn the Orb.
Press: ? - help, Shift-Dir - straight line, f - elephant
Aim: an elephant Your orb of destruction hits a rock wall.
The wavering orb of destruction weakly hits the wyvern!
The wyvern is moderately wounded.
Your orb of destruction hits a rock wall.
The wyvern bites you! The elephant tramples you!
You hold your ground!
The elephant closely misses you.
You draw a card...
You have drawn Wild Magic.
The wyvern pauses, visibly distraught!
The wyvern is drained!
The air around the basilisk burns with energy!
The elephant is caught in an explosion of flying shrapnel.
You feel a surge of magic. The wyvern barely misses you.
You furiously retaliate!
You headbutt the wyvern. The elephant closely misses you.
The elephant completely misses you. The wyvern misses you.
You draw a card...
You have drawn the Orb.
Press: ? - help, Shift-Dir - straight line, f/p - elephant
Aim: an elephant (lightly wounded)
The wavering orb of destruction weakly hits the elephant!
The elephant is lightly wounded.
The wavering orb of destruction weakly hits the basilisk!
The basilisk is heavily wounded.
Your orb of destruction hits a rock wall. x2
The wyvern completely misses you. The elephant closely misses you.
You furiously retaliate!
You headbutt the elephant. The elephant trunk-slaps you.
The basilisk gazes at you.
You are slowing down.
You feel much better.
Your orb of destruction hits a rock wall.
The wyvern closely misses you. You furiously retaliate!
You headbutt the wyvern!
You kill the wyvern!
The elephant barely misses you. You furiously retaliate!
You headbutt the elephant. The elephant barely misses you.
The basilisk bites you. The basilisk closely misses you.
The elephant tramples you!
You hold your ground!
The elephant trunk-slaps you.
Your limbs are stiffening.
Your Ranged Weapons skill increases to level 9!
You draw a card...
You have drawn Pain.
Press: ? - help, Shift-Dir - straight line, f/p - elephant
Aim: an elephant (moderately wounded)
The elephant resists with some effort.
The deck of cards glows with a rainbow of weird colours and disappears.
The elephant tramples you.
You hold your ground!
The elephant trunk-slaps you. The basilisk gazes at you.
You resist with some effort.
You have turned to stone.
The elephant tramples you.
You hold your ground!
The elephant trunk-slaps you but does no damage.
The basilisk bites you!
The elephant tramples you but does no damage.
The elephant trunk-slaps you but does no damage.
The basilisk barely misses you. The elephant tramples you!
You hold your ground!
The elephant trunk-slaps you. The basilisk gazes at you.
You resist with some effort. The elephant tramples you!
* * * LOW HITPOINT WARNING * * *
You hold your ground!
The elephant trunk-slaps you. The basilisk gazes at you.
You resist with some effort.
The elephant tramples you but does no damage.
The elephant trunk-slaps you.
* * * LOW HITPOINT WARNING * * *
The basilisk completely misses you. The elephant tramples you!
* * * LOW HITPOINT WARNING * * *
You hold your ground!
The elephant trunk-slaps you.
* * * LOW HITPOINT WARNING * * *
The basilisk bites you!
* * * LOW HITPOINT WARNING * * *
The elephant tramples you.
* * * LOW HITPOINT WARNING * * *
You hold your ground!
The elephant barely misses you. The basilisk bites you.
* * * LOW HITPOINT WARNING * * *
The elephant completely misses you.
The elephant trunk-slaps you but does no damage.
The basilisk bites you!
* * * LOW HITPOINT WARNING * * *
The elephant tramples you!
You die...
Your body glows slightly and disappears.

## .. .# #
.####.# .......
.....
#####l.### ###
#...@....#
##<###.###Y.#(#
##...##.# ..#
##.....#.# ##..
#....^...# $..
#.........#
....
##...........
...
##.....##.....
>.. ##...##
#..P..


You could see an elephant and a basilisk.

Vanquished Creatures
  Prince Ribbit (D:6)
  A wyvern (D:8)
  2 steam dragons (D:7)
  Menkaure (D:5)
  2 water moccasins
  A sky beast (D:6)
  An ogre (D:6)
  2 black bears
  A centaur (D:7)
  4 phantoms
  A kobold brigand (D:7)
  3 necrophages
  A bullfrog (D:7)
  4 scorpions
  10 wights
  4 killer bees (D:7)
  A howler monkey (D:6)
  4 hounds
  5 jellies
  2 orc priests
  A gnoll bouda (D:4)
  Jessica (D:2)
  3 iguanas
  An orc wizard (D:7)
  8 gnolls
  5 adders
  A white imp (D:6)
  2 ufetubi
  2 dart slugs
  A worm (D:4)
  5 orcs
  13 endoplasms
  16 giant cockroaches
  17 goblins
  7 hobgoblins
  6 jackals
  4 quokkas
  4 ball pythons
  4 bats
  4 frilled lizards
  7 kobolds
  9 rats
172 creatures vanquished.

Vanquished Creatures (others)
  4 fungi (D:6)
4 creatures vanquished.

Grand Total: 176 creatures vanquished

Notes
Turn   | Place    | Note
-------+----------+-------------------------------------------
     0 | D:1      | Darkkill the Minotaur Hunter began the quest for the Orb.
     0 | D:1      | Reached XP level 1. HP: 18/18 MP: 0/0
   129 | D:1      | Reached skill level 1 in Stealth
   189 | D:1      | Reached XP level 2. HP: 25/25 MP: 1/1
   677 | D:2      | Reached XP level 3. HP: 31/31 MP: 2/2
   861 | D:2      | Noticed Jessica
   869 | D:2      | Killed Jessica
   897 | D:2      | Reached XP level 4. HP: 38/38 MP: 3/3
  1335 | D:3      | Found a faded altar of an unknown god.
  1340 | D:3      | Found a sacrificial altar of Ru.
  1441 | D:3      | Reached skill level 5 in Ranged Weapons
  1706 | D:3      | Reached XP level 5. HP: 40/46 MP: 4/4
  1953 | D:3      | Found an iron altar of Okawaru.
  2228 | D:4      | Reached XP level 6. HP: 49/53 MP: 5/5
  2686 | D:4      | Found a hazy altar of Hepliaklqana.
  2741 | D:5      | Entered Level 5 of the Dungeon
  2782 | D:5      | Reached skill level 5 in Fighting
  2782 | D:5      | Reached skill level 6 in Ranged Weapons
  2782 | D:5      | Reached XP level 7. HP: 61/61 MP: 6/6
  2934 | D:5      | Reached skill level 5 in Dodging
  3268 | D:5      | Reached XP level 8. HP: 66/70 MP: 7/7
  3441 | D:5      | Noticed Menkaure
  3448 | D:5      | Killed Menkaure
  3449 | D:5      | Reached skill level 7 in Ranged Weapons
  3593 | D:6      | Found a staircase to the Ecumenical Temple.
  3615 | Temple   | Entered the Ecumenical Temple
  3852 | Temple   | Became a worshipper of Nemelex Xobeh the Trickster
  4010 | D:6      | Found Luxe's Antique Weapon Emporium.
  4084 | D:6      | Noticed Prince Ribbit
  4095 | D:6      | Killed Prince Ribbit
  4132 | D:6      | Reached * piety under Nemelex Xobeh
  4315 | D:6      | Reached skill level 5 in Stealth
  4411 | D:6      | Found an ornate altar of the Wu Jian Council.
  4415 | D:6      | Found an ancient bone altar of Kikubaaqudgha.
  4417 | D:6      | Found a blossoming altar of Fedhas.
  4422 | D:6      | Found a glowing silver altar of Zin.
  4423 | D:6      | Found an opulent altar of Gozag.
  4424 | D:6      | Found a broken altar of Ashenzari.
  4425 | D:6      | Found a shimmering blue altar of Sif Muna.
  4459 | D:6      | Reached XP level 9. HP: 77/79 MP: 8/8
  4478 | D:6      | Received a gift from Nemelex Xobeh
  4495 | D:6      | Reached skill level 8 in Ranged Weapons
  4799 | D:7      | HP: 11/75 [wight/+4 battleaxe (10)]
  5320 | D:7      | Found a shadowy altar of Dithmenos.
  5547 | D:7      | Found a shimmering altar of Xom.
  5549 | D:7      | Found a shimmering altar of Xom.
  5549 | D:7      | Found a shimmering altar of Xom.
  5549 | D:7      | Found a shimmering altar of Xom.
  5549 | D:7      | Found a shimmering altar of Xom.
  5550 | D:7      | Found a shimmering altar of Xom.
  5558 | D:7      | Found a shimmering altar of Xom.
  5563 | D:7      | Found a shimmering altar of Xom.
  5885 | D:7      | Noticed a manticore
  5887 | D:7      | Noticed a troll
  5888 | D:7      | Found a shimmering altar of Xom.
  5895 | D:7      | a troll changed into a spriggan
  5919 | D:7      | Noticed a wind drake
  5924 | D:7      | Noticed a wind drake
  5924 | D:7      | a wind drake changed into a meliai
  5924 | D:7      | Noticed a meliai (shapeshifter)
  5961 | D:8      | Found a staircase to the Lair.
  5964 | D:8      | Noticed an elephant
  5974 | D:8      | Reached skill level 9 in Ranged Weapons
  5980 | D:8      | HP: 13/82 [basilisk (5)]
  5982 | D:8      | HP: 5/82 [basilisk (5)]
  5983 | D:8      | Slain by an elephant

Illustrated notes

Levels and vault maps discovered:
D:1:      dpeg_arrival_shelter, layout_basic, minmay_worlds_worst_comb
D:2:      layout_basic, uniq_jessica
D:3:      minmay_roachtagon, layout_basic, nicolae_overflow_ecumenical_swirl,
          mainiacjoe_overflow_six_doors_small, minmay_stone_trees_small,
          minmay_fractal_squares_5
D:4:      layout_rooms, mainiacjoe_overflow_concentric_impassable,
          grunt_ministairs_7
D:5:      layout_loops_cross, kennysheep_doodads, uniq_menkaure
D:6:      layout_basic, minitemple, minmay_temple_entry_overgrown, serial_shops,
          shop, dreamdust_mushroom_princess, minmay_ogre_servants,
          uniq_prince_ribbit1
D:7:      layout_gridville, mainiacjoe_overflow_alcove_2, xom_shifter_show
D:8:      layout_loops_ring, mainiacjoe_overflow_24_doors, david_lair_generic,
          serial_shops, nicolae_take_the_stairs
Temple:   nicolae_temple_figure_zero

Skill      XL: |  1  2  3  4  5  6  7  8  9 |
---------------+----------------------------+-----
Stealth        | 1 2 3 4 5 6 |  6.4
Fighting       | 3 4 5 6 7 8 |  8.9
Dodging        | 3 4 5 6 8 |  8.1
Ranged Weapons | 5 6 7 9 |  9.0

Action                   |  1- 3 |  4- 6 |  7- 9 || total
-------------------------+-------+-------+-------++-------
 Fire: Shortbow          |    79 |   154 |   228 ||   461
Invok: Draw Destruction  |       |       |    10 ||    10
  Use: Scroll            |     4 |     9 |     5 ||    18
       Potion            |       |     1 |     4 ||     5
Armor: Leather armour    |    10 |     8 |    25 ||    43
Dodge: Dodged            |    26 |    37 |   141 ||   204

Table legend: (Time is in decaauts)
 A = Elapsed time spent in this place.
 B = Non-inter-level travel time spent in this place.
 C = Inter-level travel time spent in this place.
 D = Time resting spent in this place.
 E = Time spent auto-exploring this place.
 F = Levels seen in this place.
 G = Mean time per level.
                   A        B        C        D        E       F      G
               +--------+--------+--------+--------+--------+-----+--------+
         Total |   6086 |   5845 |    241 |    100 |   4837 |   9 |  676.2 |
       Dungeon |   5837 |   5627 |    210 |    100 |   4623 |   8 |  729.6 |
        Temple |    249 |    218 |     31 |      0 |    214 |   1 |  249.0 |
               +--------+--------+--------+--------+--------+-----+--------+

Top non-repeatable levels by time:
     D:7: 1172 daAuts
     D:6: 953 daAuts
     D:3: 928 daAuts
     D:5: 869 daAuts
     D:1: 676 daAuts
     D:4: 623 daAuts
     D:2: 576 daAuts
  Temple: 249 daAuts
     D:8: 36 daAuts

Table legend:
 A = Kills in this place as a percentage of kills in entire the game.
 B = Kills by you in this place as a percentage of kills by you in the entire game.
 C = Kills by friends in this place as a percentage of kills by friends in the entire game.
 D = Other kills in this place as a percentage of other kills in the entire game.
 E = Experience gained in this place as a percentage of experience gained in the entire game.
 F = Experience gained in this place divided by the number of levels of this place that you have seen.
                   A       B       C       D       E      F
               +-------+-------+-------+-------+-------+----------------------
         Total | 100.0 | 100.0 |   N/A |   N/A | 100.0 | 581.3
       Dungeon | 100.0 | 100.0 |   N/A |   N/A | 100.0 | 654.0
               +-------+-------+-------+-------+-------+----------------------
